 Dungeon Crawl Stone Soup version 0.27.1-34-g3ba077fa99 (webtiles) character file.

Game seed: 11280158511127038216

5905 cbfl8 the Cruncher (level 10, -8/91 HPs)
             Began as a Minotaur Delver on Jan 26, 2022.
             Was a Believer of Yredelemnul.
             Mangled by a komodo dragon (17 damage)
             ... on level 1 of the Lair of Beasts.
             The game lasted 00:23:52 (7716 turns).

cbfl8 the Cruncher (Minotaur Delver)                Turns: 7716, Time: 00:23:53

Health: -8/91      AC: 15    Str: 21    XL:     10   Next: 53%
Magic:  10/10      EV: 12    Int:  7    God:    Yredelemnul [**....]
Gold:   569        SH:  0    Dex: 11    Spells: 9/9 levels left

rFire    . . .     SeeInvis .   u - +4 quarterstaff (chaos)
rCold    . . .     Faith    .   (shield currently unavailable)
rNeg     . . .     Spirit   .   x - +0 plate armour
rPois    .         Reflect  .   (helmet restricted)
rElec    .         Harm     .   v - +0 cloak
rCorr    .         Rampage  .   (no gloves)
Will     .....                  (no boots)
Stlth    ..........             f - amulet of regeneration
HPRegen  1.25/turn              j - +4 ring of evasion
MPRegen  0.12/turn              M - ring of flight

@: mighty, attractive, flying
A: horns 2, retaliatory headbutt
a: Renounce Religion, Animate Remains, Recall Undead Slaves, Injury Mirror


You were on level 1 of the Lair of Beasts.
You worshipped Yredelemnul.
Yredelemnul was pleased with you.
You visited 3 branches of the dungeon, and saw 10 of its levels.
You also visited: Sewer.

You collected 569 gold pieces.

Inventory:

Hand Weapons
 a - a +0 hand axe
 r - a +0 war axe of freezing
 t - a +0 dagger of venom
 u - a +4 quarterstaff of chaos (weapon)
 J - a +1 falchion of draining
 K - a +1 scimitar
Missiles
 m - a throwing net (quivered)
 q - 156 arrows
Armour
 b - a +0 leather armour
 h - a +3 leather armour
 p - a +0 ring mail
 v - a +0 cloak (worn)
 x - a +0 plate armour (worn)
 A - a +0 buckler
Jewellery
 f - an amulet of regeneration (around neck)
 j - a +4 ring of evasion (left hand)
 M - a ring of flight (right hand)
Wands
 g - a wand of digging (2)
Scrolls
 c - a scroll of fog
 d - 2 scrolls of magic mapping
 i - 4 scrolls of teleportation
 k - 3 scrolls of identify {unknown}
 l - 6 scrolls of immolation
 n - 2 scrolls of enchant weapon {unknown}
 y - a scroll of amnesia {unknown}
 z - a scroll of torment {unknown}
 D - a scroll of noise {unknown}
 F - a scroll of summoning {unknown}
 G - a scroll of blinking {unknown}
Potions
 e - 2 potions of lignification {unknown}
 o - 2 potions of degeneration {unknown}
 s - 4 potions of heal wounds {unknown}
 w - a potion of attraction
 B - 3 potions of mutation {unknown}
 C - a potion of curing {unknown}
 E - 3 potions of might
 H - a potion of brilliance {unknown}
 I - a potion of haste
Miscellaneous
 L - a box of beasts


   Skills:
 + Level 9.2 Fighting
 + Level 6.1 Axes
 + Level 10.6 Staves
 + Level 10.0 Armour
 + Level 3.8 Dodging
 + Level 5.2 Stealth
 + Level 2.6 Invocations


You had 9 spell levels left.
You didn't know any spells.
Your spell library contained the following spells:

 Spells                   Type           Power      Damage    Failure   Level
 Apportation              Tloc           0%         N/A       100%        1
 Beastly Appendage        Tmut           0%         N/A       100%        1
 Wereblood                Tmut           0%         N/A       100%        2
 Inner Flame              Hex/Fire       0%         N/A       100%        3
 Portal Projectile        Hex/Tloc       0%         N/A       100%        3
 Spider Form              Tmut/Pois      0%         N/A       100%        3
 Animate Dead             Necr           0%         N/A       100%        4
 Cause Fear               Hex            0%         N/A       100%        4
 Alistair's Intoxication  Tmut/Pois      0%         N/A       100%        5
 Blade Hands              Tmut           0%         N/A       100%        5
 Borgnjor's Vile Clutch   Necr/Erth      0%         N/A       100%        5
 Excruciating Wounds      Necr           0%         N/A       100%        5
 Death Channel            Necr           0%         N/A       100%        6
 Invisibility             Hex            0%         N/A       100%        6
 Discord                  Hex            0%         N/A       100%        8


Dungeon Overview and Level Annotations

Branches:
Dungeon (8/15)             Temple (1/1) D:7            Lair (1/6) D:8
  Sewer (visited)

Altars:
Ashenzari
Cheibriados
Dithmenos
Elyvilon
Gozag
Hepliaklqana
Makhleb
Nemelex Xobeh
Okawaru
Ru
Sif Muna
Trog
Uskayaw
Vehumet
Wu Jian
Xom
Yredelemnul
Zin
The Shining One

Shops:
D:1 =(:[=   D:2 (

Annotations:
D:3 3 runed translucent doors, iwittbrodt's ghost, amateur GnWz


Innate Abilities, Weirdness & Mutations

You have a pair of horns on your head.
You reflexively headbutt those who attack you in melee.


Message History

You swap places.
Your water moccasin zombie bites the komodo dragon but does no damage.
The komodo dragon bites you!
Your adder zombie barely misses the komodo dragon.
Your water moccasin zombie bites the komodo dragon.
You barely miss the komodo dragon.
The komodo dragon is lightly wounded.
The komodo dragon bites you!!
* * * LOW HITPOINT WARNING * * *
Your adder zombie bites the komodo dragon.
Your water moccasin zombie barely misses the komodo dragon.
Unknown command.
You hit the komodo dragon.
The komodo dragon is lightly wounded.
The komodo dragon bites you!!
* * * LOW HITPOINT WARNING * * *
Unknown command.
It was a potion of attraction.
You feel attractive to monsters.
Your water moccasin zombie barely misses the komodo dragon.
Your adder zombie barely misses the komodo dragon.
The komodo dragon barely misses you. You furiously retaliate!
You headbutt the komodo dragon.
Your water moccasin zombie barely misses the komodo dragon.
Your adder zombie bites the komodo dragon but does no damage.
It was a potion of might.
You feel very mighty all of a sudden.
Your water moccasin zombie bites the komodo dragon but does no damage.
Your adder zombie bites the komodo dragon but does no damage.
The komodo dragon misses you.
Okay, then.
You thump the komodo dragon!
The komodo dragon is heavily wounded.
Your water moccasin zombie bites the komodo dragon but does no damage.
Your adder zombie bites the komodo dragon but does no damage.
You barely miss the komodo dragon.
The komodo dragon is heavily wounded.
The komodo dragon bites you!
You die...
Your body rises from the dead as a mindless zombie.

#....#.. #.$..... .........##
#.. ........ ........#.##...
#.......................
...............>......>.
.....................>..
...#...................#
.###....................
..#...[........l@.......
...............ZZ.......
........................
.....##....#............
....###...##............
#...###...##................###
#........###...........#.......
#.........##.............#.....
................P............#


You could see a komodo dragon (ally target), a friendly adder zombie and a
friendly water moccasin zombie.

Vanquished Creatures
  A hydra (Lair:1)
  A black mamba (D:8)
  An unseen horror (D:8)
  5 yaks (D:8)
  4 wyverns (D:8)
  A basilisk (D:8)
  A steam dragon (D:8)
  6 water moccasins
  An orc warrior (D:4)
  A black bear (D:4)
  2 ogres (D:6)
  An ice beast (D:5)
  3 wolves (Lair:1)
  A phantom (D:5)
  A kobold brigand (D:6)
  4 scorpions
  2 bullfrogs (Lair:1)
  A gnoll sergeant (D:6)
  A water moccasin skeleton (D:5)
  3 wights (D:8)
  A centaur zombie (D:8)
  A jelly (D:8)
  2 gnoll shamans
  5 hounds
  3 orc priests
  Crazy Yiuf (D:3)
  4 orc wizards
  A hound zombie (D:3)
  9 gnolls
  A howler monkey skeleton (D:5)
  5 adders
  4 river rats (Sewer)
  An ufetubus (D:5)
  An adder zombie (D:3)
  4 worms
  3 dart slugs
  15 orcs
  9 ball pythons
  6 endoplasms
  2 giant cockroaches (D:2)
  7 goblins
  8 hobgoblins
  10 jackals
  6 kobolds
  5 quokkas
  4 bats
  10 frilled lizards
  6 rats
  A butterfly (D:8)
176 creatures vanquished.

Vanquished Creatures (collateral kills)
  3 yaks (D:8)
  2 frilled lizards (Sewer)
  A bush (D:8)
6 creatures vanquished.

Vanquished Creatures (others)
  A wyvern zombie (D:8)
  2 water moccasin zombies
  A bullfrog zombie (Lair:1)
  A gnoll zombie (D:8)
  A yak zombie (D:8)
  8 fungi
  16 plants
30 creatures vanquished.

Grand Total: 212 creatures vanquished

Notes
Turn   | Place    | Note
-------+----------+-------------------------------------------
     0 | D:5      | cbfl8 the Minotaur Delver began the quest for the Orb.
     0 | D:5      | Reached XP level 1. HP: 19/19 MP: 0/0
    54 | D:3      | Reached XP level 2. HP: 27/27 MP: 1/1
   282 | D:2      | Reached XP level 3. HP: 29/33 MP: 2/2
   302 | D:1      | Found Wenutz's Jewellery Boutique.
   348 | D:1      | Found Caunt's Book Emporium.
   486 | D:1      | Found Gahafaco's Antique Armour Emporium.
   569 | D:1      | Reached skill level 5 in Stealth
   569 | D:1      | Found Ebbe's Jewellery Emporium.
   734 | D:1      | Found Beulesh's Weapon Shop.
  1107 | D:2      | Reached XP level 4. HP: 40/40 MP: 3/3
  1324 | D:2      | Reached skill level 1 in Armour
  1324 | D:2      | Reached XP level 5. HP: 19/46 MP: 4/4
  1644 | D:2      | Found Wobowewn's Weapon Shop.
  2203 | D:3      | Found a runed translucent gate.
  2203 | D:3      | Found a runed translucent gate.
  2203 | D:3      | Found a runed translucent gate.
  2203 | D:3      | Noticed iwittbrodt's ghost (amateur GnWz)
  2205 | D:3      | Found a basalt altar of Yredelemnul.
  2225 | D:3      | Became a worshipper of Yredelemnul the Dark
  2691 | D:3      | Reached XP level 6. HP: 53/53 MP: 5/5
  2709 | D:3      | Reached skill level 5 in Axes
  2709 | D:3      | Found a faded altar of an unknown god.
  2910 | D:3      | Found a runed translucent door.
  2911 | D:3      | Noticed Crazy Yiuf
  3018 | D:3      | Killed Crazy Yiuf
  3231 | D:4      | Noticed an orc warrior
  3236 | D:4      | Killed an orc warrior
  3803 | D:4      | Reached skill level 1 in Staves
  3803 | D:4      | Reached XP level 7. HP: 51/60 MP: 6/6
  4166 | D:5      | Reached skill level 5 in Fighting
  4248 | D:5      | Reached * piety under Yredelemnul
  4289 | D:5      | You fall into a shaft and drop 2 floors!
  4333 | D:7      | Found a staircase to the Ecumenical Temple.
  4352 | Temple   | Entered the Ecumenical Temple
  4595 | D:6      | Reached XP level 8. HP: 54/70 MP: 7/7
  4705 | D:6      | Reached skill level 5 in Armour
  4814 | D:6      | Reached skill level 5 in Staves
  4844 | D:6      | Found a glowing drain.
  4876 | Sewer    | Entered a sewer
  5647 | D:5      | Found a hide-covered altar of Uskayaw.
  5737 | D:6      | You fall into a shaft and drop 2 floors!
  5737 | D:8      | Found a staircase to the Lair.
  5781 | D:8      | Found an opulent altar of Gozag.
  5872 | D:8      | Reached ** piety under Yredelemnul
  6083 | D:8      | Reached XP level 9. HP: 46/78 MP: 8/8
  6295 | D:8      | Reached skill level 1 in Invocations
  6779 | D:8      | Killed an unseen horror
  7048 | Lair:1   | Entered Level 1 of the Lair of Beasts
  7068 | Lair:1   | Noticed a black mamba
  7085 | D:8      | Killed a black mamba
  7086 | D:8      | Reached skill level 10 in Staves
  7086 | D:8      | Reached XP level 10. HP: 40/90 MP: 10/10
  7697 | Lair:1   | Noticed an eight-headed hydra
  7704 | Lair:1   | Killed an eight-headed hydra
  7705 | Lair:1   | Reached skill level 10 in Armour
  7712 | Lair:1   | HP: 4/91 [komodo dragon (19)]
  7716 | Lair:1   | Mangled by a komodo dragon

Illustrated notes

Levels and vault maps discovered:
D:1:      onia_arrival_mini_maze, layout_rooms, serial_shops, shop,
          nicolae_shop_trees, nicolae_diamond_shop, nicolae_shop_trees, shop
D:2:      minmay_skewed_foursquare, layout_rooms, serial_shops,
          nicolae_lakefront_shop
D:3:      layout_rooms, nicolae_yredelemnul_ghost_church,
          hellmonk_ecumenical_altar_blasted, uniq_crazy_yiuf_cottage
D:4:      layout_loops_ring
D:5:      layout_basic, marbit_many_paths
D:6:      layout_rooms, serial_corexii_hall, chequers_hall_statues_corner_a,
          chequers_hall_statues_wall_a, cheibrodos_sewer_entry_bend,
          kennysheep_generic_room_9
D:7:      nzn_winding_woodlands_three_and_one
          [nzn_winding_woodlands_5x15_sawtooth,
          nzn_winding_woodlands_5x15_crooked,
          nzn_winding_woodlands_5x15_river_crossing,
          nzn_winding_woodlands_center_triple_pond], layout_layer_cave,
          mainiacjoe_overflow_paths, minmay_temple_entry_waves
D:8:      layout_basic, grunt_gozag_statues, minmay_lair_entry_grove,
          serial_park_tiny_1
Temple:   nicolae_temple_elliptical
Lair:1:   minmay_guarded_unrand_snakebite, layout_cave_shapes,
          lemuel_fruit_fields

Skill      XL: |  1  2  3  4  5  6  7  8  9 10 |
---------------+-------------------------------+-----
Stealth        | 5 |  5.2
Fighting       | 4 5 6 8 9 |  9.2
Axes           | 4 5 6 |  6.1
Armour         | 1 2 3 4 6 8 10 | 10.0
Dodging        | 3 |  3.8
Staves         | 1 4 7 10 | 10.6
Invocations    | 2 |  2.6

Action                   |  1- 3 |  4- 6 |  7- 9 | 10-12 || total
-------------------------+-------+-------+-------+-------++-------
Melee: Hand axe          |    79 |    64 |       |       ||   143
       Headbutt          |     7 |    19 |    41 |     8 ||    75
       War axe           |       |    22 |       |       ||    22
       Quarterstaff      |       |    26 |   267 |    70 ||   363
Invok: Animate Remains   |       |       |    10 |     7 ||    17
Evoke: Wand              |       |       |     1 |       ||     1
  Use: Potion            |       |     1 |     1 |     2 ||     4
       Scroll            |       |       |     5 |       ||     5
 Stab: Sleeping          |     3 |     1 |       |       ||     4
       Paralysed         |       |       |     1 |       ||     1
Armor: Leather armour    |    17 |    10 |       |       ||    27
       Ring mail         |       |    17 |       |       ||    17
       Plate armour      |       |    12 |   144 |    36 ||   192
Dodge: Dodged            |    64 |    77 |   125 |    39 ||   305
